 Dungeon Crawl Stone Soup version 0.29.1-1-gd02db6906a (webtiles) character file.

Game seed: 5974189007702968465

134 vvl the Stinger (level 4, -1/32 HPs)
             Began as a Demonspawn Venom Mage on Oct 5, 2022.
             Slain by a gnoll
             ... wielding a +0 whip
             ... led by a gnoll bouda
              (5 damage)
             ... on level 4 of the Dungeon.
             The game lasted 00:04:43 (3277 turns).

vvl the Stinger (Demonspawn Venom Mage)             Turns: 3277, Time: 00:04:44

Health: -1/32      AC:  4    Str:  9    XL:     4   Next: 95%
Magic:  5/7        EV: 12    Int: 18    God:
Gold:   125        SH:  0    Dex: 13    Spells: 6/7 levels left

rFire   . . .      SeeInvis .   c - +0 war axe
rCold   . . .      Faith    .   (no shield)
rNeg    . . .      Spirit   .   a - +0 robe
rPois   .          Reflect  .   (no helmet)
rElec   .          Harm     .   j - +0 cloak
rCorr   .          Rampage  .   g - +0 pair of gloves
Will    .....                   (no boots)
Stlth   ++........              (no amulet)
HPRegen 0.10/turn               (no ring)
MPRegen 0.10/turn               (no ring)

@: no status effects
A: weakness stinger 1
a: no special abilities


You were on level 4 of the Dungeon.
You visited 1 branch of the dungeon, and saw 4 of its levels.

You collected 125 gold pieces.

Inventory:

Hand Weapons
 c - a +0 war axe (weapon)
Armour
 a - a +0 robe (worn)
 g - a +0 pair of gloves (worn)
 j - a +0 cloak (worn)
Scrolls
 d - 4 scrolls of identify {unknown}
 f - a scroll of teleportation {unknown}
 h - a scroll of immolation {unknown}
 i - a scroll of fear {unknown}
 m - a scroll of poison {unknown}
 n - a scroll of vulnerability {unknown}
Potions
 b - a potion of magic
 e - a potion of curing {unknown}
 k - a potion of heal wounds {unknown}
 l - a potion of invisibility {unknown}


   Skills:
 + Level 1.3 Fighting
 + Level 1.2 Armour
 + Level 2.3 Dodging
 - Level 2.0 Stealth
 + Level 2.4 Spellcasting
 + Level 1.6 Transmutations
 * Level 4.0 Poison Magic


You had 6 spell levels left.
You knew the following spells:

 Your Spells              Type           Power      Damage    Failure   Level
a - Sting                 Tmut/Pois      48%        1d5       5%          1

Your spell library contained the following spells:

 Spells                   Type           Power      Damage    Failure   Level
 Poisonous Vapours        Pois/Air       18%        N/A       12%         2
 Ignite Poison            Fire/Tmut/Pois 9%         N/A       24%         3
 Blink                    Tloc           4%         N/A       26%         2
 Mephitic Cloud           Conj/Pois/Air  7%         N/A       30%         3
 Olgreb's Toxic Radiance  Pois           16%        N/A       32%         4
 Lesser Beckoning         Tloc           2%         N/A       45%         3
 Tukima's Dance           Hex            2%         N/A       45%         3
 Passage of Golubria      Tloc           2%         N/A       86%         4
 Yara's Violent Unravell  Hex/Tmut       2%         3d3       98%         5
 Freezing Cloud           Conj/Ice/Air   1%         6-21      99%         5
 Manifold Assault         Tloc           2%         N/A       99%         5


Dungeon Overview and Level Annotations

Branches:
Dungeon (4/15)
 Temple: D:4-7

Altars:
Wu Jian


Innate Abilities, Weirdness & Mutations

You have a small tail.


Message History

The teleport trap disappears.
The gnoll disappears!
A gnoll comes into view. It is wielding a +0 club.
The sting misses the gnoll.
The gnoll bouda gazes fiercely through you!
You feel your attacks grow feeble.
The sting hits the gnoll.
The gnoll is poisoned.
The gnoll is lightly wounded.
The gnoll bouda barks out a call to the hunt!
The gnolls pick up the pace!
The sting hits the gnoll.
The gnoll looks even sicker.
The gnoll is moderately wounded.
The gnoll hits you with a +0 club.
You hit the gnoll.
The gnoll is heavily wounded.
The gnoll hits you but does no damage.
You hit the gnoll but do no damage.
The gnoll is severely wounded.
The gnoll barely misses you. The gnoll hits you with a +0 club.
The gnoll barely misses you.
The gnoll shouts!
You hit the gnoll.
You kill the gnoll!
You barely miss the gnoll. You hit the gnoll but do no damage.
The gnoll hits you from afar with a +0 spear.
The gnoll barely misses you. The gnoll closely misses you.
The gnoll hits you from afar with a +0 spear.
Your Poison Magic skill increases to level 4!
You hit the gnoll.
Your tail-slap misses the gnoll.
The gnoll is lightly wounded.
You closely miss the gnoll.
Your attacks no longer feel as feeble.
The gnoll hits you with a +0 club. The gnoll misses you. x2
The gnoll hits you with a +0 whip.
You closely miss the gnoll.
The gnoll is lightly wounded.
You hit the gnoll. The gnoll barely misses you.
The gnoll hits you with a +0 club.
* * * LOW HITPOINT WARNING * * *
The gnoll hits you with a +0 whip.
You die...

### ####.......
##......... .........
#..#..... ##..#.....
###...#....# #.g....)#
#@##....#
.....g.g##....######
.......###.........####
.....[. #............#
##....# #.....[......#
>..... +.............
.#.### #.........##.#
.. #.........#
..#.####..######


You could see 3 gnolls.

Vanquished Creatures
  A jelly (D:3)
  A hound (D:4)
  A gnoll (D:4)
  An adder (D:2)
  2 dart slugs
  6 bats
  2 endoplasms
  2 giant cockroaches
  2 hobgoblins
  5 jackals
  A quokka (D:1)
  11 ball pythons
  3 frilled lizards
  5 goblins
  A kobold (D:1)
  9 rats
53 creatures vanquished.

Notes
Turn   | Place    | Note
-------+----------+-------------------------------------------
     0 | D:1      | vvl the Demonspawn Venom Mage began the quest for the Orb.
     0 | D:1      | Reached XP level 1. HP: 13/13 MP: 3/3
   337 | D:1      | Reached skill level 1 in Transmutations
   462 | D:1      | Gained mutation: You have a small tail. [demonic ancestry]
   462 | D:1      | Reached XP level 2. HP: 19/19 MP: 1/5
  1435 | D:1      | Found a faded altar of an unknown god.
  1505 | D:1      | Reached XP level 3. HP: 25/25 MP: 3/6
  2185 | D:2      | Reached skill level 1 in Fighting
  2727 | D:3      | Reached skill level 1 in Armour
  2727 | D:3      | Reached XP level 4. HP: 27/32 MP: 7/7
  2833 | D:3      | Found an ornate altar of the Wu Jian Council.
  3276 | D:4      | Reached skill level 4 in Poison Magic
  3277 | D:4      | Slain by a gnoll

Illustrated notes

Levels and vault maps discovered:
D:1:      dpeg_arrival_rooms_a, layout_loops_ring,
          hellmonk_ecumenical_altar_crossroads, due_unseen_surprise
D:2:      layout_rooms, basic_altar, minmay_pentomino_q4
D:3:      layout_rooms, lemuel_crystal_altar
D:4:      layout_basic, trog_hazing_becter, uniq_crazy_yiuf_cottage

Skill      XL: |  1  2  3  4 |
---------------+-------------+-----
Transmutations | 1 |  1.6
Stealth        | 2 |  2.0
Dodging        | 2 |  2.3
Fighting       | 1 |  1.3
Armour         | 1 |  1.2
Poison Magic   | 4 |  4.0
Spellcasting   | |  2.4

Action                   |  1- 3 |  4- 6 || total
-------------------------+-------+-------++-------
Melee: Unarmed           |    45 |       ||    45
       Tailslap          |    11 |     2 ||    13
       War axe           |     8 |    33 ||    41
 Cast: Sting             |    76 |     8 ||    84
  Use: Potion            |     1 |       ||     1
 Stab: Sleeping          |       |     1 ||     1
Armor: Robe              |    27 |    15 ||    42
       Skin              |     2 |       ||     2
Dodge: Dodged            |    68 |    35 ||   103
